 Dungeon Crawl Stone Soup version 0.26-a0-712-ga5a9c9c9d0 (webtiles) character file.

Game seed: 7749149798899159176

9234 jasper the Martial Artist (level 11, -11/84 HPs)
             Began as a Demonspawn Delver on Nov 1, 2020.
             Was a High Priest of Cheibriados.
             Killed from afar by Erica (13 damage)
             ... with an iceblast
             ... on level 1 of the Orcish Mines.
             The game lasted 00:23:03 (13882 turns).

jasper the Martial Artist (Demonspawn Delver)      Turns: 13882, Time: 00:23:04

Health: -11/84     AC:  5    Str: 25    XL:     11   Next: 20%
Magic:  0/17       EV: 17    Int: 27    God:    Cheibriados [*****.]
Gold:   306        SH:  0    Dex: 26    Spells: 4/10 levels left

rFire    + . .     SeeInvis .     - Unarmed
rCold    + . .     Faith    .   (no shield)
rNeg     . . .     Spirit   +   H - +2 robe {rC+}
rPois    .         Reflect  .   (helmet currently unavailable)
rElec    .         Harm     .   (no cloak)
rCorr    +         Rampage  .   C - +0 pair of gloves
MR       .....                  (boots currently unavailable)
Stlth    +++.......             (no amulet)
HPRegen  0.24/turn              l - ring of resist corrosion
MPRegen  0.30/turn              y - ring of protection from fire

@: lethally poisoned (-11 -> -15), appendages (expiring), wereblooded, slowed,
drained, very slow
A: claws 2, horns 2, talons 2, magic shield, magic regeneration, magic link
a: End Transformation, Bend Time, Temporal Distortion, Slouch, Step From Time,
Renounce Religion


You were on level 1 of the Orcish Mines.
You worshipped Cheibriados.
Cheibriados was extremely pleased with you.
You had grown temporary horns.
You had grown temporary talons.
You visited 2 branches of the dungeon, and saw 11 of its levels.

You collected 546 gold pieces.
You spent 240 gold pieces at shops.

Inventory:

Missiles
 n - 22 poisoned darts (quivered)
 u - 6 javelins
 v - 22 boomerangs
Armour
 a - a +1 leather armour
 x - a +2 robe
 A - +0 steam dragon scales
 C - a +0 pair of gloves (worn)
 H - a +2 robe of cold resistance (worn)
Magical Staves
 p - an uncursed staff of air
Jewellery
 i - an uncursed ring of stealth {unknown}
 k - an uncursed ring of ice
 l - a ring of resist corrosion (left hand)
 y - a ring of protection from fire (right hand)
 z - a +6 ring of intelligence
 G - an uncursed ring of ice
Wands
 e - a wand of polymorph (7)
 f - a wand of digging (7)
 g - a wand of flame (14)
Scrolls
 b - 6 scrolls of fog
 c - 2 scrolls of magic mapping
 d - a scroll of holy word
 j - a scroll of fear
 m - 2 scrolls of teleportation
 o - 3 scrolls of immolation
 r - 2 scrolls of enchant weapon
 s - 3 scrolls of enchant armour
 w - 3 scrolls of amnesia
Potions
 h - 2 potions of lignification
 q - 3 potions of ambrosia
 t - 4 potions of berserk rage
 B - a potion of flight {unknown}
 D - a potion of cancellation {unknown}
 E - a potion of mutation {unknown}


   Skills:
 + Level 7.5(6.4) Fighting
 + Level 6.6(5.5) Dodging
 - Level 4.5(3.5) Stealth
 + Level 10.6(9.5) Unarmed Combat
 - Level 3.1(2.1) Transmutations
 - Level 4.0(3.0) Ice Magic
 - Level 9.0(7.9) Invocations


You had 4 spell levels left.
You knew the following spells:

 Your Spells              Type           Power        Failure   Level
a - Beastly Appendage     Tmut           ##....       4%          1
b - Wereblood             Tmut           ##......     8%          2
c - Ozocubu's Armour      Ice            ###.....     11%         3

Your spell library contained the following spells:

 Spells                   Type           Power        Failure   Level
 Freeze                   Ice            ###.         3%          1
 Frozen Ramparts          Ice            ###...       11%         3
 Spider Form              Tmut/Pois      #.........   22%         3
 Ice Form                 Ice/Tmut       ##......     38%         4
 Hailstorm                Conj/Ice       #.......     54%         4
 Summon Ice Beast         Ice/Summ       #.......     54%         4
 Blade Hands              Tmut           ##........   80%         5


Dungeon Overview and Level Annotations

Branches:
Dungeon (10/15)            Temple (0/1) D:6            Lair (0/6) D:9
    Orc (1/2) D:9

Altars:
Cheibriados
Nemelex Xobeh
Okawaru
Ru
Sif Muna
Uskayaw

Shops:
D:6 ?

Annotations:
D:10 Josephine
Orc:1 Erica


Innate Abilities, Weirdness & Mutations

You have very sharp fingernails.
When hurt, damage is shared between your health and your magic reserves.
You regenerate magic rapidly.
When low on magic, you restore magic in place of health.
You have a pair of horns on your head.
You have razor-sharp toenails.


Message History

You feel very sick.
You hear a zap.
An iceblast appears from out of thin air!
The mass of ice explodes!
The iceblast engulfs you! You partially resist.
* * * LOW HITPOINT WARNING * * *
The orc warrior closely misses you. Something barely misses you.
You hear a shout!
You hear a howl!
You see here a poisoned dart.
You take 31 damage, and have 18/84 hp.
MASSIVE DAMAGE!!
You now have 5/17 mp.
You feel sick.
The orc warrior hits you from afar with a +0 trident.
* * * LOW HITPOINT WARNING * * *
Something hits you.
* * * LOW HITPOINT WARNING * * *
The orc warrior hits you from afar with a +0 trident!
* * * LOW HITPOINT WARNING * * *
You hear a zap.
An iceblast appears from out of thin air!
The mass of ice explodes!
The iceblast engulfs you! You partially resist.
You die...

### ##.## ##.(@#
# #.#{## .#
#..o.## ..##
###.....# ....#
#.>......##.....$
#...##...o..$$...
.....
###.....#... #..#
#......... #..
.....##...


You could see an orc warrior.

Vanquished Creatures
  Fannar (D:10)
  A two-headed ogre (D:10)
  Pikel (D:3)
  A gargoyle (D:9)
  Maggie (D:6)
  Prince Ribbit (D:6)
  Grinder (D:6)
  A vampire (D:9)
  9 yaks
  3 wraiths (D:10)
  Menkaure (D:4)
  Duvessa (D:4)
  A water moccasin (D:5)
  A black bear (D:7)
  An eye of draining (D:10)
  2 sky beasts
  5 orc warriors
  7 ice beasts
  5 ogres
  3 phantoms
  A necrophage (D:9)
  3 centaurs
  A lemure (D:4)
  Dowan (D:4)
  3 scorpions
  A water moccasin skeleton (D:6)
  3 killer bees (D:4)
  A howler monkey (D:5)
  A bullfrog zombie (D:9)
  2 centaur zombies
  2 jellies
  A quasit (D:5)
  6 orc priests
  2 bullfrog skeletons
  3 hounds
  12 orc wizards
  4 worker ants
  A killer bee zombie (D:6)
  A hound zombie (D:8)
  A hound skeleton (D:8)
  A howler monkey zombie (D:6)
  A worker ant zombie (D:7)
  13 adders
  8 gnolls
  A shadow imp (D:8)
  3 white imps
  An ufetubus (D:9)
  3 oozes
  4 worms
  3 dart slugs
  6 leopard geckos
  59 orcs
  6 giant cockroaches
  8 goblins
  4 hobgoblins
  19 jackals
  5 quokkas
  9 bats
  3 frilled lizards
  A jackal skeleton (D:7)
  3 kobolds
  A quokka zombie (D:10)
  4 rats
263 creatures vanquished.

Vanquished Creatures (others)
  4 toadstools (D:8)
4 creatures vanquished.

Grand Total: 267 creatures vanquished

Notes
Turn   | Place    | Note
-------+----------+-------------------------------------------
     0 | D:5      | jasper the Demonspawn Delver began the quest for the Orb.
     0 | D:5      | Reached XP level 1. HP: 18/18 MP: 1/1
    68 | D:5      | Noticed an ice beast
   218 | D:4      | Noticed an ogre
   229 | D:4      | Noticed a lemure
   229 | D:4      | Noticed a lemure
   230 | D:4      | Noticed Pikel
   231 | D:4      | Noticed a lemure
   232 | D:4      | Noticed a lemure
   438 | D:3      | Reached skill level 2 in Unarmed Combat
   661 | D:3      | Noticed an orc wizard
   864 | D:3      | Gained mutation: When hurt, damage is shared between your
                  | health and your magic reserves. [demonic ancestry]
   864 | D:3      | Reached XP level 2. HP: 14/24 MP: 2/2
   987 | D:3      | Learned a level 1 spell: Beastly Appendage
  1024 | D:3      | HP: 1/24 [orc/+0 flail (9)]
  1325 | D:3      | Reached skill level 3 in Unarmed Combat
  1403 | D:3      | Reached XP level 3. HP: 29/29 MP: 3/3
  1520 | D:3      | Reached skill level 4 in Unarmed Combat
  1520 | D:3      | Gained mutation: You have sharp fingernails. [demonic
                  | ancestry]
  1520 | D:3      | Reached XP level 4. HP: 22/35 MP: 0/4
  1791 | D:3      | Found a sparkling altar of Nemelex Xobeh.
  2219 | D:2      | You fall into a shaft and drop 2 floors!
  2220 | D:4      | Noticed a phantom
  2262 | D:4      | Killed a phantom
  2262 | D:4      | Reached skill level 5 in Unarmed Combat
  2262 | D:4      | Gained mutation: You regenerate magic rapidly. [demonic
                  | ancestry]
  2262 | D:4      | Reached XP level 5. HP: 29/41 MP: 2/5
  2358 | D:4      | Found a sacrificial altar of Ru.
  3644 | D:2      | Gained mutation: You have very sharp fingernails. [demonic
                  | ancestry]
  3644 | D:2      | Reached XP level 6. HP: 47/47 MP: 6/6
  4828 | D:3      | Killed Pikel
  4828 | D:3      | Reached skill level 7 in Unarmed Combat
  4828 | D:3      | Reached XP level 7. HP: 12/52 MP: 1/7
  5125 | D:4      | Reached skill level 8 in Unarmed Combat
  5440 | D:4      | You fall into a shaft and drop 3 floors!
  5484 | D:7      | Reached XP level 8. HP: 44/58 MP: 5/8
  5523 | D:7      | Reached skill level 9 in Unarmed Combat
  5706 | D:7      | Found a snail-covered altar of Cheibriados.
  5710 | D:7      | Became a worshipper of Cheibriados the Contemplative
  6414 | D:6      | Found Feeg's Magic Scroll Shop.
  6527 | D:6      | Reached skill level 10 in Unarmed Combat
  6564 | D:6      | Bought a scroll of identify for 26 gold pieces
  6564 | D:6      | Bought a scroll of identify for 26 gold pieces
  6564 | D:6      | Bought a scroll of teleportation for 39 gold pieces
  6564 | D:6      | Bought a scroll of remove curse for 39 gold pieces
  6564 | D:6      | Bought a scroll of amnesia for 45 gold pieces
  6564 | D:6      | Bought a scroll of teleportation for 39 gold pieces
  6564 | D:6      | Bought a scroll of fog for 26 gold pieces
  6616 | D:6      | Reached * piety under Cheibriados
  6647 | D:6      | Reached skill level 1 in Invocations
  6673 | D:6      | HP: 2/58 [killer bee zombie (5)]
  6727 | D:6      | Found a shimmering blue altar of Sif Muna.
  7048 | D:6      | Noticed Grinder
  7212 | D:6      | Noticed Prince Ribbit
  7214 | D:6      | Found a staircase to the Ecumenical Temple.
  7235 | D:6      | Killed Prince Ribbit
  7235 | D:6      | Gained mutation: When low on magic, you restore magic in
                  | place of health. [demonic ancestry]
  7235 | D:6      | Reached XP level 9. HP: 54/63 MP: 11/13
  7239 | D:6      | Learned a level 2 spell: Wereblood
  7772 | D:4      | Noticed Menkaure
  7776 | D:4      | Killed Menkaure
  7909 | D:4      | Noticed Duvessa
  7913 | D:4      | Noticed Dowan
  7932 | D:4      | Killed Duvessa
  7932 | D:4      | Reached ** piety under Cheibriados
  7941 | D:4      | Killed Dowan
  8593 | D:5      | Found an iron altar of Okawaru.
  8646 | D:5      | Reached skill level 1 in Transmutations
  9225 | D:6      | Killed Grinder
  9251 | D:6      | Noticed Maggie
  9264 | D:6      | Killed Maggie
 10066 | D:8      | Reached XP level 10. HP: 70/73 MP: 14/16
 10071 | D:8      | Learned a level 3 spell: Ozocubu's Armour
 10100 | D:8      | Found a hide-covered altar of Uskayaw.
 10235 | D:8      | Reached *** piety under Cheibriados
 10709 | D:9      | Reached skill level 5 in Fighting
 10709 | D:9      | Reached skill level 1 in Ice Magic
 10730 | D:9      | Noticed a gargoyle
 10750 | D:9      | Killed a gargoyle
 11156 | D:9      | Reached **** piety under Cheibriados
 11389 | D:9      | Found a staircase to the Lair.
 11671 | D:9      | Reached skill level 5 in Dodging
 11748 | D:9      | HP: 1/76 [centaur (7)]
 12271 | D:9      | Found a staircase to the Orcish Mines.
 12491 | D:10     | Entered Level 10 of the Dungeon
 12654 | D:10     | Noticed a two-headed ogre
 12679 | D:10     | Reached ***** piety under Cheibriados
 12687 | D:10     | Killed a two-headed ogre
 12687 | D:10     | Reached XP level 11. HP: 43/84 MP: 6/17
 13111 | D:10     | Noticed Fannar
 13131 | D:10     | Killed Fannar
 13352 | D:10     | Noticed Josephine
 13363 | D:10     | HP: 3/84 [wraith[Josephine] (4)]
 13365 | D:10     | HP: 1/84 [wraith[Josephine] (2)]
 13869 | Orc:1    | Entered Level 1 of the Orcish Mines
 13870 | Orc:1    | Noticed Erica
 13882 | Orc:1    | HP: 2/84 [orc warrior/+0 trident (8)]
 13882 | Orc:1    | Killed from afar by Erica

Illustrated notes

Levels and vault maps discovered:
D:1:      lordsloth_arrival_two_stooges, layout_loops_corners
D:2:      minmay_evil_eye, layout_basic, minmay_cut_off
D:3:      layout_basic, nemelex_altar_shiori
D:4:      layout_cave_pools, lemuel_round_altar, uniq_menkaure, uniq_pikel,
          uniq_duvessa
D:5:      layout_loops_ring, okawaru_ov_weapons_minmay
D:6:      layout_basic, lemuel_round_altar, temple_pool_b,
          minmay_shop_grid_forest, minmay_bent, uniq_maggie,
          uniq_prince_ribbit1, uniq_grinder
D:7:      layout_gridville, kennysheep_mini
D:8:      cheibrodos_fertilizer, layout_loops_ring, marbit_many_paths,
          lemuel_crystal_altar, grunt_dithmenos_smoke, special_room
          [special_room_orc]
D:9:      layout_basic, lair_entry_dummy, david_orc_4
D:10:     layout_irregular_city, minmay_mirror_moons_of_madness, uniq_josephine,
          uniq_fannar
Orc:1:    layout_diamond_mine, basic_altar, uniq_erica

Skill      XL: |  1  2  3  4  5  6  7  8  9 10 |
---------------+-------------------------------+-----
Unarmed Combat | 2 3 4 5 7 8 10 | 10.6
Invocations    | 6 9 |  9.0
Dodging        | 3 6 |  6.6
Transmutations | 3 |  3.1
Fighting       | 4 7 |  7.5
Ice Magic      | 4 |  4.0
Stealth        | |  4.5

Action                   |  1- 3 |  4- 6 |  7- 9 | 10-12 || total
-------------------------+-------+-------+-------+-------++-------
Melee: Unarmed           |    85 |   199 |   267 |   243 ||   794
       Kick              |     2 |       |    24 |    93 ||   119
       Headbutt          |     1 |       |    15 |    56 ||    72
       Punch             |       |     6 |    13 |    25 ||    44
Throw: Dart              |    18 |    40 |    90 |    41 ||   189
       Javelin           |       |       |     7 |       ||     7
 Cast: Beastly Appendage |     1 |       |    14 |    26 ||    41
       Ozocubu's Armour  |       |       |       |     8 ||     8
       Wereblood         |       |       |       |     4 ||     4
Evoke: Wand              |       |       |    16 |     3 ||    19
  Use: Potion            |     3 |     3 |     6 |     4 ||    16
       Scroll            |       |       |     9 |     9 ||    18
 Stab: Sleeping          |     1 |     6 |     2 |       ||     9
       Distracted        |       |       |     1 |       ||     1
Armor: Leather armour    |    16 |    41 |    42 |    29 ||   128
       Skin              |       |       |    23 |       ||    23
       Robe              |       |       |       |    10 ||    10
Dodge: Dodged            |    47 |   137 |   151 |   168 ||   503

Table legend: (Time is in decaauts)
 A = Elapsed time spent in this place.
 B = Non-inter-level travel time spent in this place.
 C = Inter-level travel time spent in this place.
 D = Time resting spent in this place.
 E = Time spent auto-exploring this place.
 F = Levels seen in this place.
 G = Mean time per level.
                   A        B        C        D        E       F      G
               +--------+--------+--------+--------+--------+-----+--------+
         Total |  15626 |  14981 |    645 |   3489 |   8856 |  11 | 1420.5 |
       Dungeon |  15607 |  14963 |    644 |   3489 |   8856 |  10 | 1560.7 |
  Orcish Mines |     19 |     19 |      0 |      0 |      0 |   1 |   19.0 |
               +--------+--------+--------+--------+--------+-----+--------+

Top non-repeatable levels by time:
     D:9: 2671 daAuts
     D:3: 2231 daAuts
     D:6: 1787 daAuts
     D:4: 1543 daAuts
     D:7: 1528 daAuts
     D:2: 1501 daAuts
     D:5: 1394 daAuts
    D:10: 1356 daAuts
     D:1: 874 daAuts
     D:8: 718 daAuts
   Orc:1: 19 daAuts
